Map: Terrasses de Prion

Players

zidar - Winner!

  • Race: Zerg Zerg
  • League: Silver
  • Spawn Location: 11:00

Putito

  • Race: Terran Terran
  • League: Silver
  • Spawn Location: 5:00

VOD

Have the link to the VOD?

Description

Time

  • Played on: Jan. 22, 2016, 2:04 p.m.
  • Length: 18:16
Show
View Real Time Build Order
Export as new Build Order

zidar Zerg - Winner!

Build Orders: Hatch First 

Get SALT Encoding   

  12  0:02  Drone  
  13  0:12  Overlord  
  13  0:17  Drone  
  14  0:30  Drone x2  
  16  0:43  Drone  
  17  0:55  Hatchery  
  16  0:57  Drone  
  16  1:01  Extractor  
  16  1:02  Drone  
  17  1:19  Spawning Pool  
  17  1:25  Drone  
  17  1:43  Overlord  
  17  1:44  Drone x2  
  18  1:54  Drone  
  19  2:07  Metabolic Boost  
  19  2:13  Queen  
  19  2:14  Queen  
  23  2:21  Drone  
  24  2:26  Drone  
  25  2:31  Zergling x4  
  25  2:35  Zergling x2  
  28  2:40  Drone  
  28  2:41  Drone  
  30  3:01  Zergling x8  
  34  3:08  Roach Warren  
  34  3:11  Zergling x4  
  35  3:21  Zergling x2  
  36  3:31  Overlord x2  
  36  3:38  Extractor  
  34  4:07  Roach  
  34  4:08  Roach x7  
  50  4:11  Overlord x2  
  50  4:33  Roach  
  50  4:34  Roach x5  
  50  4:36  Zergling x2  
  63  4:39  Ravager  
  64  4:58  Ravager  
  65  5:20  Ravager  
  66  5:31  Hatchery  
  65  5:38  Ravager  
  66  5:58  Ravager  
  66  5:59  Overlord  
  66  6:00  Overlord x2  
  67  6:09  Drone  
  68  6:30  Lair  
  68  6:37  Drone x15  
  59  7:36  Zergling x4  
  59  7:37  Zergling x14  
  48  8:29  Roach x6  
  48  8:30  Roach x3  
  60  9:10  Roach  
  60  9:11  Roach x8  
  78  9:18  Ravager x2  
  78  9:19  Ravager x4  
  78  9:20  Ravager  
  83  9:27  Overseer  
  83  9:38  Overlord  
  83  9:41  Zergling x2  
  83  9:42  Zergling x8  
  85  10:56  Roach  
  89  10:57  Roach x8  
  85  11:26  Lair  
  85  11:30  Roach x7  
  93  12:08  Overlord  
  93  12:09  Overlord x4  
  93  12:10  Overlord  
  86  12:37  Ravager x4  
  88  12:47  Zergling x2  
  88  12:48  Zergling x10  
  56  13:49  Roach x6  
  68  14:23  Zergling x2  
  68  14:24  Zergling x10  
  60  15:47  Zergling x20  
  60  15:48  Zergling x4  
  55  16:05  Hatchery  
  46  16:18  Spore Crawler  
  46  16:19  Spore Crawler  
  46  16:20  Spore Crawler  
  46  16:21  Spore Crawler x2  
  46  16:22  Spore Crawler x2  
  46  16:24  Spire  
  16  17:07  Spore Crawler  
  13  17:23  Extractor  
  13  17:25  Extractor  
  11  17:35  Mutalisk x8  
Show
View Real Time Build Order
Export as new Build Order

Putito Terran 

Build Orders:  

Get SALT Encoding   

  12  0:02  SCV  
  13  0:14  SCV  
  14  0:26  SCV  
  15  0:42  Supply Depot  
  15  1:04  SCV  
  15  1:06  Supply Depot  
  15  1:07  Barracks  
  16  1:16  SCV  
  16  1:18  Barracks  
  17  1:28  SCV  
  18  1:36  Supply Depot  
  18  1:41  SCV  
  19  1:52  Refinery  
  19  1:53  SCV  
  20  1:59  Barracks  
  20  2:21  Command Center, Supply Depot  
  20  2:23  Marine  
  20  2:24  Marine  
  20  2:29  SCV  
  23  2:41  Marine, SCV  
  23  2:42  Marine  
  26  2:50  Engineering Bay  
  26  2:59  Refinery  
  26  3:00  Barracks Reactor  
  26  3:01  Marine  
  26  3:02  Marine  
  28  3:10  Orbital Command  
  28  3:19  Supply Depot  
  28  3:29  Marine, Barracks Tech Lab  
  29  3:40  SCV  
  30  3:47  Marine  
  31  3:51  Concussive Shells  
  31  3:52  SCV  
  32  3:57  Marauder  
  32  3:59  Marine x2  
  36  4:12  Factory  
  36  4:19  Marauder  
  38  4:29  Planetary Fortress  
  38  4:44  Barracks Reactor  
  38  4:47  Marine x3  
  41  5:05  Marine x3  
  44  5:16  Terran Infantry Weapons Level 1  
  44  5:17  Factory Reactor  
  44  5:22  Starport  
  44  5:23  Marine x3  
  47  5:29  SCV  
  48  5:40  Combat Shield  
  48  5:41  Marine x3, SCV  
  52  5:45  Marine  
  52  5:46  Marine  
  54  5:54  SCV  
  55  5:58  Marine  
  55  5:59  Marine, Marauder  
  55  6:03  Marine x2  
  61  6:06  SCV, Hellion  
  61  6:07  Hellion  
  61  6:09  Starport Reactor  
  66  6:16  Marine  
  66  6:18  SCV  
  68  6:21  Missile Turret  
  68  6:25  Refinery  
  68  6:28  Refinery  
  70  6:43  SCV  
  67  6:55  Widow Mine, SCV  
  67  6:56  Marine x5  
  67  7:00  Widow Mine  
  58  7:04  Liberator  
  58  7:08  SCV  
  48  7:10  Terran Infantry Armor Level 1  
  48  7:14  Marine x2  
  53  7:20  SCV  
  57  7:23  Widow Mine  
  49  7:44  Widow Mine  
  49  7:51  Barracks Reactor  
  49  7:52  Widow Mine, Barracks Reactor  
  49  8:01  Marine x2  
  49  8:02  Barracks Reactor  
  44  8:19  Marine  
  43  8:37  Marine  
  44  8:44  Barracks  
  44  8:45  Barracks  
  44  8:46  Barracks x3  
  44  8:47  Barracks, Command Center  
  37  8:53  Marine x2  
  37  8:55  Marine  
  38  9:00  Orbital Command, Medivac  
  39  9:10  Hellion x2  
  39  9:11  Marine x2  
  39  9:12  Marine  
  44  9:28  Marine  
  45  9:36  Barracks  
  45  9:42  Marine x5  
  45  9:43  Marine  
  47  10:00  Marine x6  
  53  10:11  Liberator  
  53  10:14  Missile Turret  
  53  10:17  Marine, Factory Tech Lab  
  53  10:18  Marine x2  
  49  10:42  Marine x3  
  45  10:43  Marine x3  
  47  10:58  Planetary Fortress  
  47  11:24  Marine x2  
  47  11:25  Marine x4  
  52  11:28  Marine  
  48  11:42  Marine x3  
  48  11:43  Marine  
  48  11:57  Factory Reactor  
  48  11:58  Marine x3  
  48  12:00  Marine x3  
  46  12:25  Marine  
  46  12:26  Marine x5  
  32  12:59  Orbital Command  
  12  13:51  SCV  
  13  13:56  Starport Tech Lab  
  13  14:02  Supply Depot  
  13  14:03  SCV  
  14  14:16  Cloaking Field, SCV  
  15  14:19  Banshee  
  18  14:28  SCV  
  19  14:40  SCV  
  19  14:43  Barracks Reactor  
  19  14:44  Barracks Reactor  
  18  15:02  Banshee  
  12  15:53  Command Center  
  13  16:06  Orbital Command  
  11  17:30  Factory Reactor  
  11  17:31  SCV  
  11  17:33  Barracks Reactor  
  11  17:36  SCV  
  13  17:43  SCV  
  14  17:48  SCV  
  15  17:56  SCV  
  16  18:00  SCV  
Tags
 
Add a new tag
Caveats
  • Supply blocks, unpowered buildings, or Contaminate may cause inaccurate times.
  • Supply counts are checked every 10 seconds.